 Dungeon Sprint DCSS version 0.20-a0-876-g2c7b0bf (webtiles) character file.

32 esc the Vexing (level 3, -1/28 HPs)
             Began as a Demonspawn Enchanter on Mar 15, 2017.
             Slain by Crazy Yiuf
             ... wielding a +2 quarterstaff of chaos
              (17 damage)
             ... in the Dungeon (Sprint III: "The Ten Rune Challenge").
             The game lasted 00:01:07 (81 turns).

esc the Vexing (Demonspawn Enchanter)                 Turns: 81, Time: 00:01:08

Health: -1/28      AC:  4    Str:  8    XL:     3   Next: 8%
Magic:  7/7        EV: 13    Int: 16    God:
Gold:   0          SH:  0    Dex: 14    Spells: 2/8 levels left

rFire    . . .     SeeInvis .   a - +1 dagger
rCold    . . .     Gourm    .   b - +0 robe
rNeg     . . .     Faith    .   (no shield)
rPois    .         Spirit   .   (no helmet)
rElec    .         Reflect  .   (no cloak)
rCorr    .         Harm     .   (no gloves)
MR       .....     NoTele   +   (no boots)
Stlth    ++........             (no amulet)
Regen    0.1/turn               (no ring)
MPRegen  0.1/turn               (no ring)

@: no status effects
A: hooves 1, iridescent scales 1
a: no special abilities


You were in the Dungeon.
You were not hungry.

You visited 1 branch

Inventory:

Hand Weapons
 a - a +1 dagger (weapon)
Armour
 b - a +0 robe (worn)
Scrolls
 j - a scroll of blinking {!r}
 l - a scroll of amnesia {unknown}
Potions
 e - a potion of curing
 f - a potion of heal wounds
 g - a potion of haste
 h - 2 potions of magic
Books
 c - a book of Maledictions
Comestibles
 d - a bread ration {@e1}
 k - 2 chunks of flesh {@w0}


   Skills:
 + Level 2.3 Fighting
 + Level 2.4 Short Blades
 + Level 2.8 Dodging
 + Level 3.5 Stealth
 + Level 3.0 Spellcasting
 + Level 3.7 Hexes


You had 2 spell levels left.
You knew the following spells:

 Your Spells              Type           Power        Failure   Level  Hunger
a - Ensorcelled Hibernat  Hex/Ice        #.....       14%         2    ##.....
c - Confuse               Hex            ##......     14%         3    ###....
v - Corona                Hex            ##.....      6%          1    #......


Dungeon Overview and Level Annotations

Branches:
Dungeon (1/1)

Altars:

Annotations:
D Crazy Yiuf


Innate Abilities, Weirdness & Mutations

You have large cloven feet.
You are partially covered in iridescent scales. (AC +2)


Message History

Welcome, esc the Demonspawn Enchanter.
Found a staircase leading out of the dungeon.
Okay, then.
An ooze comes into view.
A rat comes into view.
The helpless ooze fails to defend itself.
You puncture the ooze!
You kill the ooze!
Your Fighting skill increases to level 1!
Your Short Blades skill increases to level 1!
Your Dodging skill increases to level 2!
Health restored: 15 The helpless rat fails to defend itself.
You puncture the rat!
You kill the rat!
You see here a rat corpse.
You butcher the rat corpse.
k - a chunk of flesh {@w0}
l - a scroll labeled OPPA CEDEOM
Okay, then.
A rat comes into view.
The helpless rat fails to defend itself.
You puncture the rat!
You kill the rat!
Your Stealth skill increases to level 3!
Jessica the Apprentice Sorceress comes into view.
Jessica shouts!
You see here a rat corpse.
Okay, then.
You aren't carrying any items that you can evoke.
Really quaff
i - a potion of berserk rage {!q}?
A red film seems to cover your vision as you go berserk!
You feel yourself moving faster!
You feel mighty!
You now have 22/22 hp.
You puncture Jessica!
You kill Jessica!
Your Fighting skill increases to level 2!
Your Short Blades skill increases to level 2!
Your Spellcasting skill increases to level 3!
You have reached level 2!
Your demonic ancestry asserts itself...
Your feet thicken and deform.
You have reached level 3!
Your experience leads to an increase in your attributes!
Your base attributes are Str 8, Int 16, Dex 13.
Increase (S)trength, (I)ntelligence, or (D)exterity?
You feel agile.
Your demonic ancestry asserts itself...
Iridescent scales grow over part of your body.
Health restored: 42 Unknown command.
You see here a rat corpse.
You butcher the rat corpse.
You feel a strong urge to attack something.
k - 2 chunks of flesh {@w0} (gained 1)
You see here a rat skeleton.
You feel your anger subside.
You are no longer berserk.
You are exhausted.
You feel yourself slow down.
You see here a robe.
You now have 28/28 hp.
You start resting.
MP restored: 7 You start waiting.
You feel yourself speed up.
Memorise Ensorcelled Hibernation, consuming 2 spell levels and leaving 5?
You start memorising the spell.
You continue memorising. x2
You finish memorising.
Spell assigned to 'a'.
Memorise Confuse, consuming 3 spell levels and leaving 2?
You start memorising the spell.
You continue memorising.
You feel less exhausted.
You continue memorising. x2
You finish memorising.
Spell assigned to 'c'.
Okay, then.
A human comes into view.
Crazy Yiuf the Enlightened comes into view.
He is wielding a quarterstaff of chaos.
The human shouts!
Crazy Yiuf shouts!
Crazy Yiuf hits you with a quarterstaff of chaos!
You convulse!
Ouch! That really hurt!
You die...

▓...#......##
▓..##.......# ..#
▓##.##.##..÷# ..#
##.##.###..# #..#
▓#.####.##[.# ...+
▓.###..##..####...#
▓#.....##..###p...#
###..##...##.....#
##..##....#..@...#
#..###..##.#..g..#
#..# #..#####....#
▓▓▓▓ ▓▓▓▓ ▓▓▓▓▓▓


You could see a human and Crazy Yiuf.

Vanquished Creatures
  Jessica (D)
  An ooze (D)
  2 rats (D)
4 creatures vanquished.

Vanquished Creatures (others)
  A yaktaur (D)
1 creature vanquished.

Grand Total: 5 creatures vanquished

Notes
Turn   | Place    | Note
-------+----------+-------------------------------------------
     0 | D        | esc the Demonspawn Enchanter began the quest for the Orb.
     0 | D        | Reached XP level 1. HP: 13/13 MP: 3/3
     9 | D        | Reached skill level 1 in Fighting
     9 | D        | Reached skill level 1 in Short Blades
     9 | D        | Reached skill level 2 in Dodging
    30 | D        | Reached skill level 3 in Stealth
    31 | D        | Noticed Jessica
    34 | D        | Killed Jessica
    34 | D        | Reached skill level 2 in Fighting
    34 | D        | Reached skill level 2 in Short Blades
    34 | D        | Reached skill level 3 in Spellcasting
    34 | D        | Gained mutation: You have large cloven feet. [demonic ancestry]
    34 | D        | Reached XP level 2. HP: 23/23 MP: 4/6
    34 | D        | Gained mutation: You are partially covered in iridescent scales. (AC +2) [demonic ancestry]
    34 | D        | Reached XP level 3. HP: 28/28 MP: 4/7
    63 | D        | Killed a yaktaur
    73 | D        | Learned a level 2 spell: Ensorcelled Hibernation
    77 | D        | Learned a level 3 spell: Confuse
    79 | D        | Noticed Crazy Yiuf
    81 | D        | Slain by Crazy Yiuf

Vault maps used:
D:        dungeon_sprint_mu

Skill      XL: |  1 |
---------------+----+-----
Fighting       | 2 |  2.3
Short Blades   | 2 |  2.4
Dodging        | 2 |  2.8
Stealth        | 3 |  3.5
Spellcasting   | 3 |  3.0
Hexes          | |  3.7

Action                   || total
-------------------------++-------
Melee: Dagger            ||     4
  Use: Potion            ||     1
 Stab: Sleeping          ||     3

Vault maps used:
D:        dungeon_sprint_mu

Table legend:
 A = Turns spent in this place as a percentage of turns spent in the entire game.
 B = Non-inter-level travel turns spent in this place as a percentage of non-inter-level travel turns spent in the entire game.
 C = Inter-level travel turns spent in this place as a percentage of turns spent in this place.
 D = Turns resting spent in this place as a percentage of non-inter-level travel turns spent in this place.
 E = Turns spent auto-exploring this place as a percentage of non-inter-level travel turns spent in this place.
 F = Non-inter-level travel turns spent in this place divided by the number of levels of this place that you've seen.
                   A       B       C       D       E      F
               +-------+-------+-------+-------+-------+----------------------
         Total | 100.0 | 100.0 |   0.0 |   4.9 |   0.0 |  61.0
       Dungeon | 100.0 | 100.0 |   0.0 |   4.9 |   0.0 |  61.0
               +-------+-------+-------+-------+-------+----------------------

Table legend:
 A = Kills in this place as a percentage of kills in entire the game.
 B = Kills by you in this place as a percentage of kills by you in the entire game.
 C = Kills by friends in this place as a percentage of kills by friends in the entire game.
 D = Other kills in this place as a percentage of other kills in the entire game.
 E = Experience gained in this place as a percentage of experience gained in the entire game.
 F = Experience gained in this place divided by the number of levels of this place that you have seen.
                   A       B       C       D       E      F
               +-------+-------+-------+-------+-------+----------------------
         Total | 100.0 | 100.0 |  -nan |  -nan | 100.0 |  46.0
       Dungeon | 100.0 | 100.0 |  -nan |  -nan | 100.0 |  46.0
               +-------+-------+-------+-------+-------+----------------------
